[Event "GER-ch Youth U14w 2019"]
[Site "Willingen"]
[Date "2019.06.11"]
[Round "4.12"]
[White "Sinner, Joselyne"]
[Black "Petersen, Sophie"]
[Result "1/2-1/2"]
[ECO "B51"]
[WhiteElo "1521"]
[BlackElo "1430"]
[Annotator "NA"]
[PlyCount "53"]
[EventDate "2019.06.07"]
[EventType "swiss"]
[EventRounds "9"]
[EventCountry "GER"]
[SourceTitle "playchess.com"]
[Source "ChessBase"]
[SourceQuality "1"]
[TimeControl "40/5400+30:1800+30"]

1. e4 c5 2. Nf3 d6 3. Bb5+ Nd7 4. O-O a6 5. Be2 Ngf6 6. Nc3 e6 7. d4 cxd4 8. Nxd4 Be7 9. Be3 O-O 10. Qd2 Nc5 11. f3 Bd7 12. Kh1 Rc8 13. Rad1 b5 14. Nb3 Nxb3 15. axb3 Qc7 16. Rc1 Rfd8 17. Rfd1 Bc6 18. Bf4 e5 19. Bg3 d5 20. exd5 Nxd5 21. Nxd5 Bxd5 22. Qe3 Bf6 23. Bd3 Qe7 24. Re1 Re8 25. c4 bxc4 26. bxc4 Bb7 27. Qe2 {[%emt 0:02:13] normal} 1/2-1/2

[Event "GER-ch Youth U14w 2019"]
[Site "Willingen"]
[Date "2019.06.11"]
[Round "4.13"]
[White "Zixin, Li"]
[Black "Avetyan, Manan"]
[Result "0-1"]
[ECO "C45"]
[WhiteElo "1284"]
[BlackElo "1307"]
[Annotator "NA"]
[PlyCount "60"]
[EventDate "2019.06.07"]
[EventType "swiss"]
[EventRounds "9"]
[EventCountry "GER"]
[SourceTitle "playchess.com"]
[Source "ChessBase"]
[SourceQuality "1"]
[TimeControl "40/5400+30:1800+30"]

1. e4 e5 2. Nf3 Nc6 3. d4 exd4 4. Nxd4 Bc5 5. Nb3 Bb6 6. Nc3 Qf6 7. Qe2 Nge7 8. Be3 Bxe3 9. Qxe3 O-O 10. O-O-O a6 11. f4 d6 12. h3 Qh6 13. g4 Bxg4 14. Be2 Bxe2 15. Nxe2 Rfe8 16. Rdg1 Nf5 17. Qf3 Nh4 18. Qd3 Nb4 19. Qc4 c5 20. Rg4 b5 21. Rxg7+ Qxg7 22. Qxb4 cxb4 23. Rg1 Ng2 24. e5 Kf8 25. Nd2 Rad8 26. Nf3 h6 27. Ned4 Qg6 28. f5 Qg3 29. h4 dxe5 30. Nxe5 Rxe5 {[%emt 0:02:22] normal} 0-1

[Event "GER-ch Youth U14w 2019"]
[Site "Willingen"]
[Date "2019.06.12"]
[Round "5.1"]
[White "Yue, Qizhou"]
[Black "Bashylina, Luisa"]
[Result "0-1"]
[ECO "A49"]
[WhiteElo "1840"]
[BlackElo "1886"]
[Annotator "NA"]
[PlyCount "88"]
[EventDate "2019.06.07"]
[EventType "swiss"]
[EventRounds "9"]
[EventCountry "GER"]
[SourceTitle "playchess.com"]
[Source "ChessBase"]
[SourceQuality "1"]
[TimeControl "40/5400+30:1800+30"]

1. d4 Nf6 2. Nf3 g6 3. g3 Bg7 4. Bg2 d6 5. b3 c5 6. Bb2 Nbd7 7. c4 O-O 8. O-O Rb8 9. Nc3 b6 10. e4 Bb7 11. Re1 Ne8 12. Qd2 Nc7 13. d5 a6 14. a4 Bc8 15. Bf1 Ne5 16. Nxe5 Bxe5 17. Ne2 Bxb2 18. Qxb2 b5 19. cxb5 axb5 20. a5 b4 21. Nf4 Ra8 22. e5 Bb7 23. Bc4 Ba6 24. Qe2 Bxc4 25. Qxc4 Re8 26. Re2 Qb8 27. e6 f6 28. Qe4 Kg7 29. h4 Nb5 30. Qd3 Nd4 31. Rea2 Qb5 32. Qe3 Ra6 33. Ne2 Nxe2+ 34. Qxe2 Qb7 35. Qc4 Rb8 36. Kg2 Qa8 37. Qe4 Rb5 38. h5 Rbxa5 39. Rxa5 Rxa5 40. Rh1 Ra1 41. Rh2 Rd1 42. hxg6 hxg6 43. Qc4 Qxd5+ 44. Qxd5 Rxd5 {[%emt 0:00:06] normal} 0-1

[Event "GER-ch Youth U14w 2019"]
[Site "Willingen"]
[Date "2019.06.12"]
[Round "5.2"]
[White "Orlova, Alicia"]
[Black "Doll, Rebecca"]
[Result "0-1"]
[ECO "C50"]
[WhiteElo "1490"]
[BlackElo "1678"]
[Annotator "NA"]
[PlyCount "82"]
[EventDate "2019.06.07"]
[EventType "swiss"]
[EventRounds "9"]
[EventCountry "GER"]
[SourceTitle "playchess.com"]
[Source "ChessBase"]
[SourceQuality "1"]
[TimeControl "40/5400+30:1800+30"]

1. e4 e5 2. Nf3 Nc6 3. Bc4 Bc5 4. Nc3 d6 5. d3 Nf6 6. h3 h6 7. Na4 Bb6 8. Nxb6 axb6 9. Be3 Be6 10. Bb3 Nb4 11. Bxe6 fxe6 12. c3 Nc6 13. O-O O-O 14. Nh2 Qe8 15. g3 Qg6 16. Kh1 d5 17. exd5 exd5 18. d4 exd4 19. Bxd4 Ne4 20. Qg4 Qxg4 21. Nxg4 Nxd4 22. cxd4 h5 23. Ne3 Nd2 24. Rfd1 Rxf2 25. Kg1 Raf8 26. Nxd5 g5 27. Nxc7 Re2 28. Ne6 Rff2 29. Rxd2 Rxd2 30. Nxg5 Rxb2 31. Rb1 Rxa2 32. Rxb6 Rfd2 33. Rb1 Rxd4 34. Kf1 Rd3 35. g4 h4 36. Ke1 Rc3 37. Rd1 Kg7 38. Ne6+ Kf6 39. Nf4 Re3+ 40. Ne2 Rexe2+ 41. Kf1 Rh2 {[%emt 0:30:16] normal} 0-1

[Event "GER-ch Youth U14w 2019"]
[Site "Willingen"]
[Date "2019.06.12"]
[Round "5.3"]
[White "Buchholz, Maja"]
[Black "Butenandt, Svenja"]
[Result "1/2-1/2"]
[ECO "A20"]
[WhiteElo "1657"]
[BlackElo "1722"]
[Annotator "NA"]
[PlyCount "60"]
[EventDate "2019.06.07"]
[EventType "swiss"]
[EventRounds "9"]
[EventCountry "GER"]
[SourceTitle "playchess.com"]
[Source "ChessBase"]
[SourceQuality "1"]
[TimeControl "40/5400+30:1800+30"]

1. c4 e5 2. g3 Nf6 3. Bg2 d5 4. Nc3 c6 5. cxd5 cxd5 6. d4 e4 7. e3 Nc6 8. a3 Be7 9. Nge2 O-O 10. O-O Bf5 11. Bd2 Qd7 12. Qb3 Rfd8 13. Rfd1 h6 14. Rac1 g5 15. f3 Na5 16. Qa2 exf3 17. Bxf3 b6 18. Re1 Kg7 19. Nxd5 Nxd5 20. e4 Be6 21. exd5 Bxd5 22. Bxd5 Qxd5 23. Qxd5 Rxd5 24. Bc3 Nb3 25. Rcd1 Bf6 26. Rd3 Re8 27. Kf2 Nc5 28. Rf3 Ne6 29. Rd1 Red8 {[%emt 0:01:08] normal} 30. Ke3 Re8 {[%emt 0:02:32] normal} 1/2-1/2

[Event "GER-ch Youth U14w 2019"]
[Site "Willingen"]
[Date "2019.06.12"]
[Round "5.4"]
[White "Oswald, Hannah"]
[Black "Reuter, Elisa"]
[Result "0-1"]
[ECO "B34"]
[WhiteElo "1632"]
[BlackElo "1923"]
[Annotator "NA"]
[PlyCount "63"]
[EventDate "2019.06.07"]
[EventType "swiss"]
[EventRounds "9"]
[EventCountry "GER"]
[SourceTitle "playchess.com"]
[Source "ChessBase"]
[SourceQuality "1"]
[TimeControl "40/5400+30:1800+30"]

1. e4 c5 2. Nf3 Nc6 3. d4 cxd4 4. Nxd4 Nf6 5. Nc3 e5 6. Nb3 Bb4 7. Bd3 d5 8. exd5 Nxd5 9. Bd2 Nxc3 10. bxc3 Be7 11. O-O Be6 12. f4 exf4 13. Bxf4 O-O 14. Qh5 g6 15. Qf3 Bd5 16. Qf2 Bg5 17. Nc5 Bxf4 18. Qxf4 Qe7 19. Qf2 b6 20. Nb3 f5 21. Rfe1 Qf7 22. Qf1 Kg7 23. c4 Be6 24. c3 Rfd8 25. Rad1 Qf6 26. Qe2 Bf7 27. Qc2 Ne5 28. Be2 Nxc4 29. Bf3 Rxd1 30. Bxd1 Rc8 31. Bf3 {[%emt 0:01:34] normal} Na3 32. Qb2 {[%emt 0:00:43] normal} 0-1

[Event "GER-ch Youth U14w 2019"]
[Site "Willingen"]
[Date "2019.06.12"]
[Round "5.5"]
[White "Adelhardt, Lisa"]
[Black "Schmidt, Pauline"]
[Result "1/2-1/2"]
[ECO "B92"]
[WhiteElo "1293"]
[BlackElo "1620"]
[Annotator "NA"]
[PlyCount "94"]
[EventDate "2019.06.07"]
[EventType "swiss"]
[EventRounds "9"]
[EventCountry "GER"]
[SourceTitle "playchess.com"]
[Source "ChessBase"]
[SourceQuality "1"]
[TimeControl "40/5400+30:1800+30"]

1. e4 c5 2. Nf3 d6 3. d4 cxd4 4. Nxd4 Nf6 5. Nc3 a6 6. Be2 e5 7. Nf3 Be7 8. O-O O-O 9. Be3 Qc7 10. Rc1 b5 11. Nd5 Nxd5 12. Qxd5 Bb7 13. Qd3 Nd7 14. c4 b4 15. Nd2 Rac8 16. b3 Nc5 17. Qc2 Qd8 18. f3 Bg5 19. Bf2 Bf4 20. Rcd1 Qg5 21. Rfe1 Be3 22. Nf1 Bxf2+ 23. Kxf2 Qf4 24. Bd3 Rfe8 25. Qd2 Nxd3+ 26. Qxd3 Re6 27. Qd2 Qxd2+ 28. Rxd2 Kf8 29. Red1 Ke7 30. Ne3 g6 31. Ke2 Kd7 32. Rc1 Rc5 33. Nd5 Bxd5 34. Rxd5 Rxd5 35. cxd5 Re8 36. Kd3 a5 37. Rc2 Ra8 38. Rc4 Ra7 39. Rc2 Rc7 40. Rc4 Kc8 41. g3 Kb7 42. g4 g5 43. Rxc7+ Kxc7 44. Kc4 Kb6 45. h3 h6 46. Kd3 Kc5 47. Ke3 f6 {[%emt 0:01:07] normal} 1/2-1/2

[Event "GER-ch Youth U14w 2019"]
[Site "Willingen"]
[Date "2019.06.12"]
[Round "5.6"]
[White "Heutling, Elina"]
[Black "Bildat, Emilia"]
[Result "1/2-1/2"]
[ECO "B38"]
[WhiteElo "1712"]
[BlackElo "1649"]
[Annotator "NA"]
[PlyCount "77"]
[EventDate "2019.06.07"]
[EventType "swiss"]
[EventRounds "9"]
[EventCountry "GER"]
[SourceTitle "playchess.com"]
[Source "ChessBase"]
[SourceQuality "1"]
[TimeControl "40/5400+30:1800+30"]

1. e4 c5 2. Nf3 Nc6 3. d4 cxd4 4. Nxd4 g6 5. c4 Bg7 6. Be3 Nf6 7. Nc3 O-O 8. Be2 d6 9. f3 Nxd4 10. Bxd4 Be6 11. Qd2 Nd7 12. Be3 Rc8 13. Nd5 Nc5 14. Rc1 a5 15. O-O a4 16. Rb1 f5 17. Bg5 Rf7 18. Qe3 fxe4 19. fxe4 Bf6 20. Nxf6+ exf6 21. Bh4 Nd7 22. b3 axb3 23. axb3 Qa5 24. Kh1 f5 25. Ra1 Qe5 26. Bg3 Qxe4 27. Qxe4 fxe4 28. Rxf7 Kxf7 29. Bxd6 Nc5 30. Ra7 Kf6 31. Bxc5 Rxc5 32. b4 Rc7 33. c5 Bd5 34. Kg1 Ke5 35. Kf2 Kd4 36. Ra3 Rf7+ 37. Ke1 e3 38. Rd3+ Ke4 39. Rd1 {[%emt 0:00:20] normal} 1/2-1/2

[Event "GER-ch Youth U14w 2019"]
[Site "Willingen"]
[Date "2019.06.12"]
[Round "5.7"]
[White "Kalina, Lena"]
[Black "Liu, Sijia Anna"]
[Result "1-0"]
[ECO "A49"]
[WhiteElo "1687"]
[BlackElo "1705"]
[Annotator "NA"]
[PlyCount "66"]
[EventDate "2019.06.07"]
[EventType "swiss"]
[EventRounds "9"]
[EventCountry "GER"]
[SourceTitle "playchess.com"]
[Source "ChessBase"]
[SourceQuality "1"]
[TimeControl "40/5400+30:1800+30"]

1. d4 Nf6 2. Nf3 g6 3. g3 Bg7 4. Bg2 O-O 5. b3 d6 6. Bb2 Nc6 7. Nc3 a6 8. Qd2 Rb8 9. a3 Bd7 10. e4 Re8 11. O-O-O b5 12. e5 Ng4 13. Kb1 dxe5 14. dxe5 Ngxe5 15. Nxe5 Nxe5 16. f4 Nc4 17. Qxd7 Qxd7 18. Rxd7 Nxa3+ 19. Bxa3 b4 20. Bc1 Bxc3 21. Bb2 c5 22. Bxc3 bxc3 23. Bd5 e6 24. Bc4 Rb4 25. Rhd1 Kg7 26. Rd8 Rxd8 27. Rxd8 Rb7 28. Bxa6 Ra7 29. Bc4 Kf6 30. Rd3 Kf5 31. h3 g5 32. fxg5 Kxg5 33. Rxc3 h6 {[%emt 0:03:00] normal} 1-0

[Event "GER-ch Youth U14w 2019"]
[Site "Willingen"]
[Date "2019.06.12"]
[Round "5.8"]
[White "Gerber, Anna Sophie"]
[Black "Zoellner, Bente"]
[Result "1-0"]
[ECO "A48"]
[WhiteElo "1473"]
[BlackElo "1530"]
[Annotator "NA"]
[PlyCount "85"]
[EventDate "2019.06.07"]
[EventType "swiss"]
[EventRounds "9"]
[EventCountry "GER"]
[SourceTitle "playchess.com"]
[Source "ChessBase"]
[SourceQuality "1"]
[TimeControl "40/5400+30:1800+30"]

1. d4 Nf6 2. Nf3 g6 3. c4 c5 4. d5 b5 5. e3 bxc4 6. Bxc4 d6 7. Nc3 Bg7 8. O-O O-O 9. h3 Nbd7 10. e4 Qb6 11. Qc2 Ba6 12. Bxa6 Qxa6 13. Be3 Rfb8 14. Rab1 Rb7 15. Rfc1 Rab8 16. b3 Qa3 17. Nd2 Ne5 18. f4 Ned7 19. Nc4 Qa6 20. e5 Ne8 21. Qe4 f5 22. exf6 Ndxf6 23. Qf3 Nc7 24. f5 Kf7 25. fxg6+ hxg6 26. g4 Ke8 27. Bg5 Nb5 28. Re1 Nxc3 29. Qxc3 Kf7 30. Rf1 Kg8 31. Bxf6 Bxf6 32. Qc2 Kg7 33. Rbe1 Rf8 34. Re6 Bd4+ 35. Kg2 Rxf1 36. Kxf1 Bf6 37. g5 Be5 38. Qxg6+ Kf8 39. Qf5+ Ke8 40. g6 Qxa2 41. Qf7+ Kd8 42. Qf8+ Kc7 43. Rxe7# {[%emt 0:00:00] normal} 1-0

[Event "GER-ch Youth U14w 2019"]
[Site "Willingen"]
[Date "2019.06.12"]
[Round "5.9"]
[White "Petersen, Sophie"]
[Black "Albayrak, Nese Pinar"]
[Result "0-1"]
[ECO "C70"]
[WhiteElo "1430"]
[BlackElo "1530"]
[Annotator "NA"]
[PlyCount "176"]
[EventDate "2019.06.07"]
[EventType "swiss"]
[EventRounds "9"]
[EventCountry "GER"]
[SourceTitle "playchess.com"]
[Source "ChessBase"]
[SourceQuality "1"]
[TimeControl "40/5400+30:1800+30"]

1. e4 e5 2. Nf3 Nc6 3. Bb5 a6 4. Ba4 b5 5. Bb3 Bc5 6. O-O Nf6 7. Re1 d6 8. c3 O-O 9. h3 Re8 10. d4 exd4 11. cxd4 Bb4 12. Nc3 Bb7 13. Bc2 Ne7 14. Bg5 Ng6 15. a3 Ba5 16. b4 Bb6 17. a4 c6 18. a5 Bc7 19. Qd2 h6 20. Be3 Qd7 21. d5 Rad8 22. Bd4 Nh5 23. dxc6 Bxc6 24. Nd5 Bxd5 25. exd5 Ne5 26. Qc3 Nf6 27. Bb3 Rc8 28. Bxe5 dxe5 29. Qd2 Qd6 30. Rac1 e4 31. Rc6 Qf4 32. Qxf4 Bxf4 33. Nh4 Rxc6 34. dxc6 Rc8 35. Nf5 Kf8 36. Rd1 g6 37. Nd4 Be5 38. g3 Bxd4 39. Rxd4 Rxc6 40. Kf1 Rc3 41. Bd1 Rd3 42. Rxd3 exd3 43. Ke1 Nd5 44. Bf3 Nxb4 45. Kd2 Nc2 46. Bb7 Na1 47. Kxd3 Nb3 48. Kc3 Nc5 49. Bd5 Ke7 50. Kd4 Nd7 51. Bb7 Nb8 52. f4 Kd6 53. g4 Nc6+ 54. Bxc6 Kxc6 55. h4 f6 56. g5 hxg5 57. f5 gxf5 58. h5 g4 59. h6 g3 60. h7 g2 61. h8=Q g1=Q+ 62. Kd3 Qb1+ 63. Kd2 Qb4+ 64. Kc2 Qc4+ 65. Kd2 Qd4+ 66. Kc2 Qe4+ 67. Kd2 Qg2+ 68. Kd3 Qe4+ 69. Kd2 Qb4+ 70. Kd3 Qd6+ 71. Ke2 b4 72. Qa8+ Kb5 73. Qb7+ Kxa5 74. Ke3 Qe5+ 75. Kd2 Qd4+ 76. Kc1 Qe3+ 77. Kd1 Qd4+ 78. Kc1 Qc4+ 79. Kd1 Qb3+ 80. Kd2 Qb2+ 81. Kd1 Qd4+ 82. Kc1 Qe3+ 83. Kd1 Qd4+ 84. Kc1 Qc5+ 85. Kd1 Qd6+ 86. Kc1 Ka4 {[%emt 0:00:18] normal} 87. Qf3 Qc5+ 88. Kd2 {[%emt 0:00:29] normal} Qc3+ {[%emt 0:00:20] normal Ke1} 0-1

[Event "GER-ch Youth U14w 2019"]
[Site "Willingen"]
[Date "2019.06.12"]
[Round "5.10"]
[White "Peglau, Mirjam"]
[Black "Sinner, Joselyne"]
[Result "1-0"]
[ECO "C50"]
[WhiteElo "1746"]
[BlackElo "1521"]
[Annotator "NA"]
[PlyCount "52"]
[EventDate "2019.06.07"]
[EventType "swiss"]
[EventRounds "9"]
[EventCountry "GER"]
[SourceTitle "playchess.com"]
[Source "ChessBase"]
[SourceQuality "1"]
[TimeControl "40/5400+30:1800+30"]

1. e4 e5 2. Nc3 Bc5 3. Bc4 Nf6 4. d3 Nc6 5. Nf3 a6 6. Bg5 h6 7. Be3 Be7 8. Qe2 d6 9. O-O-O Bg4 10. h3 Bh5 11. g4 Bg6 12. Nd2 Qd7 13. f4 Na5 14. f5 Bh7 15. h4 Nxc4 16. Nxc4 O-O-O 17. g5 hxg5 18. hxg5 Nxe4 19. dxe4 Rde8 20. Rh2 Bxf5 21. exf5 Qxf5 22. Rf2 Qg6 23. Qg4+ Kb8 24. Nd5 Bd8 25. Qf5 Qxf5 26. Rxf5 g6 {[%emt 0:00:42] normal} 1-0

[Event "GER-ch Youth U14w 2019"]
[Site "Willingen"]
[Date "2019.06.12"]
[Round "5.11"]
[White "Becker, Linda"]
[Black "Wagner, Margarethe"]
[Result "0-1"]
[ECO "C45"]
[WhiteElo "1683"]
[BlackElo "1741"]
[Annotator "NA"]
[PlyCount "80"]
[EventDate "2019.06.07"]
[EventType "swiss"]
[EventRounds "9"]
[EventCountry "GER"]
[SourceTitle "playchess.com"]
[Source "ChessBase"]
[SourceQuality "1"]
[TimeControl "40/5400+30:1800+30"]

1. e4 e5 2. Nf3 Nc6 3. d4 exd4 4. Nxd4 Bc5 5. Be3 Qf6 6. c3 Nge7 7. Bc4 b6 8. Nc2 Bxe3 9. Nxe3 Bb7 10. Nd2 Ne5 11. Be2 O-O-O 12. a4 d5 13. O-O dxe4 14. a5 Qd6 15. axb6 Qxd2 16. bxa7 Qxd1 17. Ba6 Qxf1+ 18. Rxf1 Kd7 19. Bxb7 Ra8 20. Rd1+ Ke6 21. Bxa8 Rxa8 22. Rd4 Rxa7 23. Rxe4 Ra1+ 24. Nf1 Kd5 25. Rd4+ Ke6 26. f3 N7c6 27. Re4 Kd6 28. Re2 Kc5 29. Kf2 Nd3+ 30. Kg1 Kc4 31. Rd2 Rb1 32. g3 Nce5 33. Kg2 Rxb2 34. Rxb2 Nxb2 35. Ne3+ Kd3 36. Kf2 c5 37. f4 Nec4 38. Nf5 g6 39. Nh6 Nd6 40. Kf3 Kxc3 {[%emt 0:00:48] normal} 0-1

[Event "GER-ch Youth U14w 2019"]
[Site "Willingen"]
[Date "2019.06.12"]
[Round "5.12"]
[White "Avetyan, Manan"]
[Black "Berghold, Lotta"]
[Result "1/2-1/2"]
[ECO "C44"]
[WhiteElo "1307"]
[BlackElo "1471"]
[Annotator "NA"]
[PlyCount "52"]
[EventDate "2019.06.07"]
[EventType "swiss"]
[EventRounds "9"]
[EventCountry "GER"]
[SourceTitle "playchess.com"]
[Source "ChessBase"]
[SourceQuality "1"]
[TimeControl "40/5400+30:1800+30"]

1. e4 e5 2. Nf3 Nc6 3. d4 exd4 4. Nxd4 Qh4 5. Nc3 Bb4 6. Be2 Qxe4 7. Ndb5 Bxc3+ 8. bxc3 Kd8 9. O-O a6 10. Nd4 Nxd4 11. cxd4 Nf6 12. Bf3 Qf5 13. Re1 Re8 14. Rxe8+ Kxe8 15. Ba3 d6 16. c4 Rb8 17. Rb1 Qd7 18. Qd2 Kd8 19. Qg5 Qf5 20. Qxf5 Bxf5 21. Rxb7 Rxb7 22. Bxb7 Bc8 23. Bf3 Be6 24. d5 Bg4 25. Bxg4 Nxg4 26. Bb2 f6 {[%emt 0:02:30] normal} 1/2-1/2

[Event "GER-ch Youth U14w 2019"]
[Site "Willingen"]
[Date "2019.06.12"]
[Round "6.1"]
[White "Bashylina, Luisa"]
[Black "Doll, Rebecca"]
[Result "1/2-1/2"]
[ECO "C68"]
[WhiteElo "1886"]
[BlackElo "1678"]
[Annotator "NA"]
[PlyCount "34"]
[EventDate "2019.06.07"]
[EventType "swiss"]
[EventRounds "9"]
[EventCountry "GER"]
[SourceTitle "playchess.com"]
[Source "ChessBase"]
[SourceQuality "1"]
[TimeControl "40/5400+30:1800+30"]

1. e4 e5 2. Nf3 Nc6 3. Bb5 a6 4. Bxc6 dxc6 5. O-O Bg4 6. h3 h5 7. d3 Qf6 8. Be3 Bxf3 9. Qxf3 Qxf3 10. gxf3 g6 11. Nd2 Bg7 12. a4 O-O-O 13. a5 f5 14. Nb3 Nh6 15. Nc5 Bf6 16. f4 exf4 17. Bxf4 Nf7 {[%emt 0:01:47] normal} 1/2-1/2

[Event "GER-ch Youth U14w 2019"]
[Site "Willingen"]
[Date "2019.06.12"]
[Round "6.2"]
[White "Reuter, Elisa"]
[Black "Buchholz, Maja"]
[Result "1-0"]
[ECO "C13"]
[WhiteElo "1923"]
[BlackElo "1657"]
[Annotator "NA"]
[PlyCount "49"]
[EventDate "2019.06.07"]
[EventType "swiss"]
[EventRounds "9"]
[EventCountry "GER"]
[SourceTitle "playchess.com"]
[Source "ChessBase"]
[SourceQuality "1"]
[TimeControl "40/5400+30:1800+30"]

1. e4 e6 2. d4 d5 3. Nc3 Nf6 4. Bg5 Be7 5. e5 Nfd7 6. h4 a6 7. Qg4 Bxg5 8. hxg5 c5 9. g6 f5 10. Qf4 h6 11. Nf3 Nc6 12. Ne2 Qb6 13. O-O-O c4 14. g4 Nf8 15. Nh4 Qc7 16. gxf5 exf5 17. Rg1 Ne7 18. Qf3 b5 19. Ng3 Nfxg6 20. Nxg6 Nxg6 21. Qxd5 Ra7 22. Nh5 Qf7 23. Qc6+ Bd7 24. Qxg6 Qxg6 25. Rxg6 {[%emt 0:00:09] normal} 1-0

[Event "GER-ch Youth U14w 2019"]
[Site "Willingen"]
[Date "2019.06.12"]
[Round "6.3"]
[White "Schmidt, Pauline"]
[Black "Yue, Qizhou"]
[Result "1/2-1/2"]
[ECO "B44"]
[WhiteElo "1620"]
[BlackElo "1840"]
[Annotator "NA"]
[PlyCount "77"]
[EventDate "2019.06.07"]
[EventType "swiss"]
[EventRounds "9"]
[EventCountry "GER"]
[SourceTitle "playchess.com"]
[Source "ChessBase"]
[SourceQuality "1"]
[TimeControl "40/5400+30:1800+30"]

1. e4 c5 2. Nf3 e6 3. d4 cxd4 4. Nxd4 Nc6 5. Nxc6 bxc6 6. Bd3 Nf6 7. Qe2 Bc5 8. O-O O-O 9. b3 e5 10. Kh1 Qc7 11. Bg5 d5 12. Bxf6 gxf6 13. Qh5 d4 14. f4 Kh8 15. f5 Rg8 16. Bc4 Rg7 17. Qh6 Qe7 18. Rf3 Bb7 19. Rh3 Bb6 20. Nd2 c5 21. Bd3 Bd8 22. Rf1 Qf8 23. Rff3 Be7 24. Rh4 Qg8 25. Rfh3 a5 26. a4 Bc6 27. Nf3 Rb8 28. Rh5 c4 29. Bxc4 Bxe4 30. Ng5 Bxg2+ 31. Kxg2 Rxg5+ 32. Rxg5 Qxg5+ 33. Qxg5 fxg5 34. Bxf7 Rc8 35. Bc4 Kg7 36. Bd3 Bf6 37. Kf3 Rh8 38. Kg4 Rc8 39. Kf3 {[%emt 0:00:15] normal} 1/2-1/2

[Event "GER-ch Youth U14w 2019"]
[Site "Willingen"]
[Date "2019.06.12"]
[Round "6.4"]
[White "Butenandt, Svenja"]
[Black "Kalina, Lena"]
[Result "1-0"]
[ECO "E91"]
[WhiteElo "1722"]
[BlackElo "1687"]
[Annotator "NA"]
[PlyCount "54"]
[EventDate "2019.06.07"]
[EventType "swiss"]
[EventRounds "9"]
[EventCountry "GER"]
[SourceTitle "playchess.com"]
[Source "ChessBase"]
[SourceQuality "1"]
[TimeControl "40/5400+30:1800+30"]

1. d4 Nf6 2. c4 g6 3. Nc3 Bg7 4. e4 d6 5. Nf3 O-O 6. Be2 Bg4 7. Be3 Nfd7 8. Rc1 Nc6 9. d5 Bxf3 10. Bxf3 Nce5 11. Be2 Nc5 12. b4 Na6 13. a3 c6 14. dxc6 bxc6 15. c5 Nc7 16. f4 Nd7 17. cxd6 exd6 18. Qxd6 Ne8 19. Qd2 Qe7 20. e5 a5 21. Ne4 axb4 22. axb4 Rc8 23. Rd1 Rc7 24. Nc5 Nb6 25. Na6 Rd7 26. Qc1 Rxd1+ 27. Qxd1 Nd7 {[%emt 0:00:21] normal} 1-0

[Event "GER-ch Youth U14w 2019"]
[Site "Willingen"]
[Date "2019.06.12"]
[Round "6.5"]
[White "Gerber, Anna Sophie"]
[Black "Adelhardt, Lisa"]
[Result "1-0"]
[ECO "E18"]
[WhiteElo "1473"]
[BlackElo "1293"]
[Annotator "NA"]
[PlyCount "25"]
[EventDate "2019.06.07"]
[EventType "swiss"]
[EventRounds "9"]
[EventCountry "GER"]
[SourceTitle "playchess.com"]
[Source "ChessBase"]
[SourceQuality "1"]
[TimeControl "40/5400+30:1800+30"]

1. d4 Nf6 2. Nf3 e6 3. g3 b6 4. Bg2 Bb7 5. O-O Be7 6. c4 O-O 7. Nc3 d5 8. b3 dxc4 9. bxc4 c5 10. d5 exd5 11. Ne1 Ba6 12. cxd5 Qd6 {[%emt 0:06:13] normal} 13. Bf4 {[%emt 0:04:40] normal} 1-0

[Event "GER-ch Youth U14w 2019"]
[Site "Willingen"]
[Date "2019.06.12"]
[Round "6.6"]
[White "Albayrak, Nese Pinar"]
[Black "Orlova, Alicia"]
[Result "0-1"]
[ECO "C72"]
[WhiteElo "1530"]
[BlackElo "1490"]
[Annotator "NA"]
[PlyCount "108"]
[EventDate "2019.06.07"]
[EventType "swiss"]
[EventRounds "9"]
[EventCountry "GER"]
[SourceTitle "playchess.com"]
[Source "ChessBase"]
[SourceQuality "1"]
[TimeControl "40/5400+30:1800+30"]

1. e4 e5 2. Nf3 Nc6 3. Bb5 a6 4. Ba4 d6 5. O-O Bd7 6. c3 Nge7 7. Re1 Ng6 8. d3 Be7 9. Nbd2 O-O 10. Nf1 Kh8 11. Ng3 f5 12. exf5 Bxf5 13. Nxf5 Rxf5 14. Bc2 Rf7 15. d4 Nh4 16. Re3 Nxf3+ 17. Rxf3 Rxf3 18. Qxf3 exd4 19. Qe4 g6 20. cxd4 Bf6 21. d5 Nd4 22. Bd3 Qe8 23. Kf1 Qf7 24. Bg5 Be5 25. Be3 Nf5 26. Kg1 Re8 27. Qf3 Rf8 28. Rb1 Qg8 29. Bxf5 Rxf5 30. Qe4 Bg7 31. Qd3 Qxd5 32. Qxd5 Rxd5 33. b3 Re5 34. Rc1 c6 35. Kf1 d5 36. Rd1 Re8 37. a4 Kg8 38. b4 Bc3 39. b5 Rd8 40. bxc6 bxc6 41. Ke2 d4 42. Bc1 c5 43. Kd3 Kf7 44. Kc4 Bb4 45. Bb2 a5 46. Rd3 Re8 47. Ba3 Rc8 48. Rb3 Ke6 49. Bxb4 axb4 50. a5 Kd6 51. Rh3 Rf8 52. a6 Rxf2 53. Ra3 bxa3 54. a7 Rf8 {[%emt 0:00:09] normal} 0-1

[Event "GER-ch Youth U14w 2019"]
[Site "Willingen"]
[Date "2019.06.12"]
[Round "6.7"]
[White "Oswald, Hannah"]
[Black "Peglau, Mirjam"]
[Result "0-1"]
[ECO "B13"]
[WhiteElo "1632"]
[BlackElo "1746"]
[Annotator "NA"]
[PlyCount "95"]
[EventDate "2019.06.07"]
[EventType "swiss"]
[EventRounds "9"]
[EventCountry "GER"]
[SourceTitle "playchess.com"]
[Source "ChessBase"]
[SourceQuality "1"]
[TimeControl "40/5400+30:1800+30"]

1. e4 c6 2. d4 d5 3. exd5 cxd5 4. Bd3 Nc6 5. c3 Nf6 6. Bf4 Bd7 7. Nd2 e6 8. Ngf3 Be7 9. O-O O-O 10. Re1 Rc8 11. Ne5 a6 12. Ndf3 b5 13. Nxc6 Bxc6 14. a3 Nd7 15. Ne5 Nxe5 16. Bxe5 Bd6 17. Re3 f5 18. Qe2 Bxe5 19. Rxe5 Bd7 20. Qh5 Rf6 21. h3 Rh6 22. Qe2 Qg5 23. Kh1 Rf8 24. a4 bxa4 25. Bxa6 Rff6 26. Re3 f4 27. Re5 Qh4 28. f3 Rfg6 29. Rf1 Rg3 30. Rf2 Qf6 31. Bb5 Bc8 32. Bxa4 Qg6 33. Qf1 Rh4 34. Kh2 Rgxh3+ 35. gxh3 Qg3+ 36. Kh1 Rxh3+ 37. Qxh3 Qxh3+ 38. Kg1 Qg3+ 39. Rg2 Qxf3 40. Reg5 Qe3+ 41. Kh2 g6 42. Re5 Qf3 43. Kg1 Kf7 44. Rf2 Qg3+ 45. Rg2 Qd3 46. Rf2 Qb1+ {[%emt 0:00:00] normal} 47. Kg2 Qc1 48. Bb5 {[%emt 0:00:00] normal} 0-1

[Event "GER-ch Youth U14w 2019"]
[Site "Willingen"]
[Date "2019.06.12"]
[Round "6.8"]
[White "Heutling, Elina"]
[Black "Wagner, Margarethe"]
[Result "1-0"]
[ECO "B90"]
[WhiteElo "1712"]
[BlackElo "1741"]
[Annotator "NA"]
[PlyCount "52"]
[EventDate "2019.06.07"]
[EventType "swiss"]
[EventRounds "9"]
[EventCountry "GER"]
[SourceTitle "playchess.com"]
[Source "ChessBase"]
[SourceQuality "1"]
[TimeControl "40/5400+30:1800+30"]

1. e4 c5 2. Nf3 d6 3. d4 cxd4 4. Nxd4 Nf6 5. Nc3 a6 6. Qf3 Bg4 7. Qg3 e5 8. Nf5 Bxf5 9. exf5 Nc6 10. Bg5 Be7 11. Bxf6 Bxf6 12. O-O-O Nd4 13. Bd3 Rc8 14. Nd5 Rxc2+ 15. Kb1 Rc5 16. Be4 a5 17. h4 b5 18. Qh3 b4 19. g4 h6 20. Qg3 Kd7 21. f4 b3 22. axb3 Re8 23. fxe5 Bxe5 24. Qe3 Nc6 25. Nf6+ Qxf6 26. Qxc5 Rc8 {[%emt 0:01:15] normal} 1-0